 Dungeon Crawl Stone Soup version 0.30.0-7-g0c4daa9e05 (webtiles) character file.

Game seed: 5282958526694687921

159 Atelerd the Digger (level 5, -2/32 HPs)
             Began as an Octopode Earth Elementalist on May 13, 2023.
             Slain by Grinder (3 damage)
             ... on level 3 of the Dungeon.
             The game lasted 00:01:41 (2661 turns).

Atelerd the Digger (Octopode Earth Elementalist)    Turns: 2661, Time: 00:01:42

Health: -2/32      AC:  1    Str:  8    XL:     5   Next: 40%
Magic:  5/9        EV: 13    Int: 19    God:
Gold:   144        SH:  0    Dex: 12    Spells: 2/10 levels left

rFire   . . .        c - +0 spear
rCold   . . .        (no shield)
rNeg    . . .        (helmet restricted)
rPois   .            (no amulet)
rElec   .            (no ring)
rCorr   .            (no ring)
SInv    .            (no ring)
Will    .....        (no ring)
Stlth   +++          (no ring)
HPRegen 0.25/turn    (no ring)
MPRegen 0.11/turn    (no ring)
                     (no ring)

%: no passive effects
@: brilliant, very slightly contaminated
A: almost no armour, amphibious, 8 rings, camouflage 1, gelatinous body 1,
(nimble swimmer 1), tentacles
a: no special abilities


You were on level 3 of the Dungeon.
You visited 1 branch of the dungeon, and saw 3 of its levels.

You collected 144 gold pieces.

Inventory:

Hand Weapons
 c - a +0 spear (weapon)
Jewellery
 g - a ring of protection from fire
Wands
 l - a wand of mindburst (5)
Scrolls
 d - a scroll of enchant weapon {unknown}
 f - 2 scrolls of identify {unknown}
 h - a scroll of vulnerability {unknown}
 i - a scroll of immolation {unknown}
 k - a scroll of enchant armour {unknown}
 m - a scroll of noise {unknown}
 n - a scroll of torment {unknown}
Potions
 a - a potion of magic
 e - a potion of heal wounds {unknown}
 j - a potion of brilliance


   Skills:
 + Level 0.4 Fighting
 + Level 0.3 Polearms
 + Level 2.2 Dodging
 + Level 3.8 Stealth
 + Level 3.0 Spellcasting
 + Level 1.0 Transmutations
 + Level 4.6 Earth Magic


You had 2 spell levels left.
You knew the following spells:

 Your Spells              Type           Power      Damage    Failure   Level
a - Sandblast             Erth           60%        2d14      2%          1
b - Swiftness             Air            4%         N/A       41%         3
p - Petrify               Tmut/Erth      20%        N/A       43%         4

Your spell library contained the following spells:

 Spells                   Type           Power      Damage    Failure   Level
 Passwall                 Tmut/Erth      16%        N/A       7%          2
 Ensorcelled Hibernation  Hex/Ice        8%         N/A       22%         2
 Stone Arrow              Conj/Erth      34%        3d9       19%         3


Dungeon Overview and Level Annotations

Branches:
Dungeon (3/15)

Altars:

Annotations:
D:2 exclusion: 2 downstairs
D:3 Grinder


Innate Abilities, Weirdness & Mutations

You cannot wear most types of armour.
You are amphibious.
You can wear up to eight rings at the same time.
Your skin changes colour to match your surroundings (Stealth+).
Your rubbery body absorbs attacks. (AC +1, EV +1)
((You are camouflaged when in or above water. (Stealth+)))
You have tentacles for arms and can constrict up to eight enemies at once.


Message History

Grinder is nearby!
You reach to attack!
The helpless Grinder fails to defend herself.
You hit Grinder but do no damage.
Grinder zaps a wand.
The puff of flame misses you.
You reach to attack!
You hit Grinder.
Grinder is lightly wounded.
Casting: Sandblast (safe; 2% risk of failure)
Confirm with . or Enter, or press ? or * to list all spells.
The spell is astonishingly dangerous to miscast (43% risk of failure)!
Continue anyway?
Aiming: Petrify (astonishingly dangerous; 43% risk of failure)
Press: ? - help, Shift-Dir - straight line, f/p - Grinder
Aim: Grinder, carrying a wand of flame (21) (lightly wounded, chance to affect: 47%)
You miscast Petrify.
You are very lightly contaminated with residual magic.
Strange energies run through your body. Grinder gestures at you.
You suddenly lose the ability to move!
Grinder zaps a wand.
The puff of flame hits you! Grinder hits you!
You writhe in agony.
Grinder hits you!
* * * LOW HITPOINT WARNING * * *
You writhe in agony.
* * * LOW HITPOINT WARNING * * *
You can move again.
Unknown command.
Unknown command.
Unknown command.
You feel better. Grinder hits you.
* * * LOW HITPOINT WARNING * * *
You writhe in agony.
* * * LOW HITPOINT WARNING * * *
You feel better.
Grinder says, "What is the universe for?"
Grinder zaps a wand.
The puff of flame hits you!
* * * LOW HITPOINT WARNING * * *
It was a potion of brilliance.
You feel clever all of a sudden. Grinder hits you.
You die...

### #.. ##### # #.# .
... #.# .##### #.# #5#
....###.#### #@#
##..........
#.#####...........
#.................
#..###............
#..# #............
..>.# ##...........
.....# #.......(...
........ ..(..........
.........#####..#####.


You could see Grinder.

Vanquished Creatures
  Terence (D:2)
  5 gnolls
  2 adders (D:3)
  2 worms
  A dart slug (D:1)
  7 endoplasms
  3 giant cockroaches
  2 goblins (D:1)
  6 hobgoblins
  4 jackals (D:1)
  3 kobolds
  5 quokkas
  4 ball pythons
  8 bats
  4 frilled lizards
  5 rats
62 creatures vanquished.

Notes
Turn   | Place    | Note
-------+----------+-------------------------------------------
     0 | D:1      | Atelerd the Octopode Earth Elementalist began the quest for
                  | the Orb.
     0 | D:1      | Reached XP level 1. HP: 11/11 MP: 3/3
   200 | D:1      | Reached XP level 2. HP: 17/17 MP: 1/5
   695 | D:1      | Found a faded altar of an unknown god.
   787 | D:1      | Reached XP level 3. HP: 21/21 MP: 4/6
  1564 | D:2      | Noticed Terence
  1578 | D:2      | Killed Terence
  1579 | D:2      | Reached skill level 4 in Earth Magic
  1579 | D:2      | Reached XP level 4. HP: 15/27 MP: 1/7
  2193 | D:2      | Learned a level 4 spell: Petrify
  2197 | D:2      | Learned a level 3 spell: Swiftness
  2351 | D:3      | Reached XP level 5. HP: 32/32 MP: 6/9
  2650 | D:3      | Noticed Grinder
  2655 | D:3      | Paralysed by Grinder for 4 turns
  2660 | D:3      | HP: 1/32 [Grinder/puff of flame (11)]
  2661 | D:3      | Slain by Grinder

Illustrated notes

Levels and vault maps discovered:
D:1:      amcnicky_arrival_double_pillar, layout_basic,
          shapermc_ecumenical_altar_acropolis
D:2:      layout_basic, uniq_terence
D:3:      layout_rooms, uniq_grinder, uniq_jessica

Skill      XL: |  1  2  3  4 |
---------------+-------------+-----
Stealth        | 3 |  3.8
Earth Magic    | 4 |  4.6
Spellcasting   | 3 |  3.0
Fighting       | |  0.4
Polearms       | |  0.3
Dodging        | |  2.2
Transmutations | |  1.0

Action                     |  1- 3 |  4- 6 || total
---------------------------+-------+-------++-------
  Melee: Spear             |    23 |    17 ||    40
         Unarmed           |     2 |       ||     2
         Constrict         |     8 |     3 ||    11
         Punch             |     2 |       ||     2
         Tentacles         |     2 |     3 ||     5
   Cast: Sandblast         |    45 |    28 ||    73
    Use: Potion            |     2 |     3 ||     5
   Stab: Sleeping          |     3 |     1 ||     4
 Armour: Skin              |     1 |     1 ||     2
  Dodge: Dodged            |    31 |    13 ||    44
